AA
MYRTLE BEACH SHOREBIRDS @ HARRISBURG CAPITALS
05/03/2060
 
TOP OF THE 1ST
Myrtle Beach Shorebirds batting - Pitching for Harrisburg Capitals : LHP Del Jones
Pitching: LHP Del Jones
Batting: RHB Amani Hansen 0-0: Ball
1-0: Called Strike
1-1: Foul Ball, location: 2F
1-2: Fly out, F8 (Line Drive, 8RM, EV 99.4 MPH)
Batting: RHB Casey Dodd 0-0: Ball
1-0: Fly out, F8 (Flyball, 89D, EV 101.9 MPH)
Batting: LHB Casey Courtney 0-0: Ball
1-0: Ball
2-0: Ground out 5-3 (Groundball, 5, EV 103.1 MPH)
Top of the 1st over - 0 runs, 0 hits, 0 errors, 0 left on base; Myrtle Beach 0 - Harrisburg 0
BOTTOM OF THE 1ST
Harrisburg Capitals batting - Pitching for Myrtle Beach Shorebirds : RHP Evan Owens
Pitching: RHP Evan Owens
Batting: LHB Lucas Moore 0-0: Ball
1-0: Called Strike
1-1: Foul Ball, location: 2F
1-2: SINGLE (Groundball, 6S, EV 69.4 MPH) (infield hit)
Batting: RHB Jonah Howard 0-0: Called Strike
0-1: SINGLE (Groundball, 6S, EV 63.1 MPH) (infield hit)
Lucas Moore to second
Batting: LHB Tommy Olson 0-0: 3-RUN HOME RUN (Flyball, 89XD, EV 106.2 MPH), Distance : 409 ft
Batting: LHB Carnell Sighel 0-0: Ball
1-0: Ball
2-0: Foul Ball, location: 2F
2-1: Called Strike
2-2: SINGLE (Groundball, 4MD, EV 101.9 MPH)
Batting: RHB Garrett Flickinger 0-0: Ball
1-0: Ball
2-0: Foul Ball, location: 2F
2-1: Foul Ball, location: 2F
2-2: Ball
3-2: SINGLE (Line Drive, 4MD, EV 95.6 MPH)
Carnell Sighel to second
Batting: RHB Eli Turner 0-0: Ball
1-0: Swinging Strike
1-1: Fly out, F8 (Line Drive, 8RM, EV 103.1 MPH)
Batting: RHB Julian Liszewski 0-0: Ball
1-0: Called Strike
1-1: Ball
2-1: Ball
3-1: Base on Balls
Carnell Sighel to third
Garrett Flickinger to second
Batting: RHB Zack Jackson 0-0: Ball
1-0: Called Strike
1-1: Ball
2-1: Ball
3-1: Foul Ball, location: 2F
3-2: SINGLE (Line Drive, 6D, EV 97.5 MPH)
Carnell Sighel scores
Garrett Flickinger to third
Julian Liszewski to second
Batting: RHB Deric Sykora 0-0: Fielders Choice at 2nd, 6-4 (Groundball, 6S, EV 81.2 MPH)
Garrett Flickinger scores
Julian Liszewski to third
Batting: LHB Lucas Moore 0-0: Ball
1-0: Ball
2-0: Ground out 4-3 (Groundball, 4D, EV 87.5 MPH)
Bottom of the 1st over - 5 runs, 6 hits, 0 errors, 2 left on base; Myrtle Beach 0 - Harrisburg 5
TOP OF THE 2ND
Myrtle Beach Shorebirds batting - Pitching for Harrisburg Capitals : LHP Del Jones
Batting: RHB Joey Wilburn 0-0: Foul Ball, location: 2F
0-1: Called Strike
0-2: Hit by Pitch
Batting: RHB Trevor Tyus 0-0: Foul Ball, location: 2F
0-1: Ball
1-1: Ball
2-1: Foul Ball, location: 2F
2-2: Ball
3-2: Base on Balls
Joey Wilburn to second
Batting: RHB Ted Walker 0-0: Grounds into double play, 5-4-3 (Groundball, 56, EV 101.2 MPH)
Joey Wilburn to third
Batting: RHB Brendon Slagle 0-0: Called Strike
0-1: Swinging Strike
0-2: Ball
1-2: Strikes out looking
Top of the 2nd over - 0 runs, 0 hits, 0 errors, 1 left on base; Myrtle Beach 0 - Harrisburg 5
BOTTOM OF THE 2ND
Harrisburg Capitals batting - Pitching for Myrtle Beach Shorebirds : RHP Evan Owens
Batting: RHB Jonah Howard 0-0: Swinging Strike
0-1: Called Strike
0-2: Ball
1-2: Foul Ball, location: 2F
1-2: Ball
2-2: Ball
3-2: Base on Balls
Batting: LHB Tommy Olson 0-0: Called Strike
0-1: Ball
Wild Pitch!
Jonah Howard to second
1-1: Called Strike
1-2: Ground out 3-1 (Groundball, 34, EV 86.2 MPH)
Jonah Howard to third
Batting: LHB Carnell Sighel 0-0: Swinging Strike
0-1: Ball
1-1: Called Strike
1-2: Ball
2-2: Foul Ball, location: 2F
2-2: Foul Ball, location: 2F
2-2: Strikes out swinging
Batting: RHB Garrett Flickinger 0-0: Called Strike
0-1: Foul Ball, location: 2F
0-2: Ball
1-2: Reached on error, E1 (Groundball, 15S, EV 65.6 MPH)
Jonah Howard scores
Batting: RHB Eli Turner 0-0: Ball
1-0: Called Strike
1-1: Called Strike
1-2: 2-RUN HOME RUN (Flyball, 7LD, EV 95.6 MPH), Distance : 359 ft
Pitching: LHP Newton Van der Vliet
Batting: RHB Julian Liszewski 0-0: Ball
1-0: Ball
2-0: Ball
3-0: Base on Balls
Batting: RHB Zack Jackson 0-0: Ball
1-0: DOUBLE (Line Drive, 5D, EV 100.6 MPH)
Julian Liszewski to third
Runner from 3rd tries for Home, SAFE, throw by LF to home
Batting: RHB Deric Sykora 0-0: Ball
1-0: SINGLE (Flyball, 3D, EV 85.0 MPH)
Zack Jackson to third
Runner from 3rd tries for Home, SAFE, throw by RF to home
Deric Sykora to second
Batting: LHB Lucas Moore 0-0: Called Strike
0-1: Hit by Pitch
Batting: RHB Jonah Howard 0-0: Foul Ball, location: 2F
0-1: Swinging Strike
0-2: Ground out 4-3 (Groundball, 34, EV 81.2 MPH)
Bottom of the 2nd over - 5 runs, 3 hits, 1 error, 2 left on base; Myrtle Beach 0 - Harrisburg 10
TOP OF THE 3RD
Myrtle Beach Shorebirds batting - Pitching for Harrisburg Capitals : LHP Del Jones
Batting: RHB Keyon Yamamoto 0-0: Ball
1-0: Called Strike
1-1: Called Strike
1-2: Strikes out swinging
Batting: SHB Evan Lind 0-0: Ground out 6-3 (Groundball, 6, EV 91.9 MPH)
Batting: RHB Amani Hansen 0-0: Called Strike
0-1: Ball
1-1: Ball
2-1: Foul Ball, location: 2F
2-2: Fly out, F7 (Flyball, 7LD, EV 103.8 MPH)
Top of the 3rd over - 0 runs, 0 hits, 0 errors, 0 left on base; Myrtle Beach 0 - Harrisburg 10
BOTTOM OF THE 3RD
Harrisburg Capitals batting - Pitching for Myrtle Beach Shorebirds : LHP Newton Van der Vliet
Batting: LHB Tommy Olson 0-0: Ball
1-0: Ball
2-0: Foul Ball, location: 2F
2-1: Foul Ball, location: 2F
2-2: SOLO HOME RUN (Flyball, 9LD, EV 95.6 MPH), Distance : 360 ft
Batting: LHB Carnell Sighel 0-0: Called Strike
0-1: Ball
1-1: Ball
2-1: Ball
3-1: Foul Ball, location: 2F
3-2: Base on Balls
Batting: RHB Garrett Flickinger 0-0: Called Strike
0-1: Foul Ball, location: 2F
0-2: Ball
1-2: Ball
2-2: Foul Ball, location: 2F
2-2: Foul Ball, location: 2F
2-2: Strikes out swinging
Batting: RHB Eli Turner 0-0: Ball
1-0: Fly out, F8 (Line Drive, 89M, EV 87.5 MPH)
Batting: RHB Julian Liszewski 0-0: Ball
1-0: Ball
2-0: Called Strike
2-1: Swinging Strike
2-2: Ground out 5-3 (Groundball, 56, EV 98.8 MPH)
Bottom of the 3rd over - 1 run, 1 hit, 0 errors, 1 left on base; Myrtle Beach 0 - Harrisburg 11
TOP OF THE 4TH
Myrtle Beach Shorebirds batting - Pitching for Harrisburg Capitals : LHP Del Jones
Batting: RHB Casey Dodd 0-0: Fly out, F7 (Flyball, 7, EV 85.6 MPH)
Batting: LHB Casey Courtney 0-0: Ball
1-0: Called Strike
1-1: Called Strike
1-2: Fly out, F8 (Flyball, 8LXD, EV 100.6 MPH)
Batting: RHB Joey Wilburn 0-0: Called Strike
0-1: Foul Ball, location: 2F
0-2: Ball
1-2: Ball
2-2: Strikes out looking
Top of the 4th over - 0 runs, 0 hits, 0 errors, 0 left on base; Myrtle Beach 0 - Harrisburg 11
BOTTOM OF THE 4TH
Harrisburg Capitals batting - Pitching for Myrtle Beach Shorebirds : LHP Newton Van der Vliet
Batting: RHB Zack Jackson 0-0: Swinging Strike
0-1: Ball
1-1: Ball
2-1: Foul Ball, location: 2F
2-2: Ball
3-2: Base on Balls
Batting: RHB Deric Sykora 0-0: Grounds into double play, 4-6-3 (Groundball, P, EV 78.8 MPH)
Batting: LHB Lucas Moore 0-0: Ball
1-0: Called Strike
1-1: Fly out, F7 (Flyball, 78M, EV 83.8 MPH)
Bottom of the 4th over - 0 runs, 0 hits, 0 errors, 0 left on base; Myrtle Beach 0 - Harrisburg 11
TOP OF THE 5TH
Myrtle Beach Shorebirds batting - Pitching for Harrisburg Capitals : LHP Del Jones
Batting: RHB Trevor Tyus 0-0: Called Strike
0-1: Ball
1-1: Ball
2-1: Ground out 1-3 (Groundball, 13S, EV 69.4 MPH)
Batting: RHB Ted Walker 0-0: Ground out 6-3 (Groundball, 6, EV 90.0 MPH)
Batting: RHB Brendon Slagle 0-0: Ball
1-0: Swinging Strike
1-1: Foul Ball, location: 2F
1-2: Fly out, F9 (Flyball, 89M, EV 91.9 MPH)
Top of the 5th over - 0 runs, 0 hits, 0 errors, 0 left on base; Myrtle Beach 0 - Harrisburg 11
BOTTOM OF THE 5TH
Harrisburg Capitals batting - Pitching for Myrtle Beach Shorebirds : LHP Newton Van der Vliet
Batting: RHB Jonah Howard 0-0: Ball
1-0: Called Strike
1-1: Ball
2-1: Ball
3-1: Called Strike
3-2: Foul Ball, location: 2F
3-2: Foul Ball, location: 2F
3-2: SINGLE (Groundball, 34D, EV 96.2 MPH)
Batting: LHB Tommy Olson 0-0: Ball
1-0: Foul Ball, location: 2F
1-1: Ball
Wild Pitch!
Jonah Howard to second
2-1: Swinging Strike
2-2: Fly out, F7 (Flyball, 7, EV 75.0 MPH)
Batting: LHB Carnell Sighel 0-0: Ball
1-0: Swinging Strike
1-1: Foul Ball, location: 2F
1-2: Ground out U3 (Groundball, 34, EV 108.8 MPH)
Jonah Howard to third
Batting: RHB Garrett Flickinger 0-0: Ball
1-0: Ball
2-0: Ball
3-0: Called Strike
3-1: Foul Ball, location: 2F
3-2: Foul Ball, location: 2F
3-2: Foul Ball, location: 2F
3-2: Base on Balls
Batting: RHB Eli Turner 0-0: Ball
1-0: Foul Ball, location: 2F
1-1: Called Strike
1-2: Ball
2-2: Ball
3-2: Base on Balls
Garrett Flickinger to second
Batting: RHB Julian Liszewski 0-0: Called Strike
0-1: Ball
1-1: Ball
2-1: Ball
3-1: Called Strike
3-2: Foul Ball, location: 2F
3-2: Base on Balls
Jonah Howard scores
Garrett Flickinger to third
Eli Turner to second
Pitching: RHP Logan Dent
Batting: RHB Zack Jackson 0-0: Called Strike
0-1: Ball
1-1: Foul Ball, location: 2F
1-2: Foul Ball, location: 2F
1-2: Foul Ball, location: 2F
1-2: Ball
2-2: Ground out U3 (Groundball, 34, EV 102.5 MPH)
Bottom of the 5th over - 1 run, 1 hit, 0 errors, 3 left on base; Myrtle Beach 0 - Harrisburg 12
TOP OF THE 6TH
Myrtle Beach Shorebirds batting - Pitching for Harrisburg Capitals : LHP Del Jones
Batting: RHB Keyon Yamamoto 0-0: Ball
1-0: Ball
2-0: Ball
3-0: Called Strike
3-1: DOUBLE (Flyball, 89D, EV 105.6 MPH)
Batting: SHB Evan Lind 0-0: Ball
1-0: Foul Ball, location: 2F
1-1: Ball
2-1: 2-RUN HOME RUN (Flyball, 8LXD, EV 110.0 MPH), Distance : 449 ft
Batting: RHB Amani Hansen 0-0: Ball
1-0: Ball
2-0: Called Strike
2-1: Ball
3-1: Called Strike
3-2: Foul Ball, location: 2F
3-2: Strikes out swinging
Batting: RHB Casey Dodd 0-0: Called Strike
0-1: Ball
1-1: Foul Ball, location: 2F
1-2: Foul Ball, location: 2F
1-2: Ball
2-2: DOUBLE (Line Drive, 5D, EV 105.0 MPH)
Batting: LHB Casey Courtney 0-0: Ball
1-0: Ball
2-0: SINGLE (Groundball, 34D, EV 111.2 MPH)
Casey Dodd to third
Batting: RHB Joey Wilburn 0-0: Ball
1-0: Swinging Strike
1-1: Foul Ball, location: 2F
1-2: Ball
2-2: Grounds into double play, 4-6-3 (Groundball, 34, EV 91.2 MPH)
Top of the 6th over - 2 runs, 4 hits, 0 errors, 1 left on base; Myrtle Beach 2 - Harrisburg 12
BOTTOM OF THE 6TH
Harrisburg Capitals batting - Pitching for Myrtle Beach Shorebirds : RHP Logan Dent
Batting: RHB Deric Sykora 0-0: Ball
1-0: Ball
2-0: Foul Ball, location: 2F
2-1: Ball
3-1: SINGLE (Groundball, 34D, EV 98.1 MPH)
Batting: LHB Lucas Moore 0-0: Called Strike
Balk!
Deric Sykora to second
0-1: Ground out 4-3 (Groundball, 13, EV 91.2 MPH)
Deric Sykora to third
Batting: RHB Jonah Howard 0-0: Ball
1-0: Called Strike
1-1: Foul Ball, location: 2F
1-2: Foul Ball, location: 2F
1-2: Strikes out swinging
Batting: LHB Tommy Olson 0-0: Ball
1-0: Called Strike
1-1: 2-RUN HOME RUN (Flyball, 9LD, EV 95.0 MPH), Distance : 361 ft
Batting: LHB Carnell Sighel 0-0: Ball
1-0: Called Strike
1-1: Foul Ball, location: 2F
1-2: SOLO HOME RUN (Flyball, 89XD, EV 105.6 MPH), Distance : 413 ft
Batting: RHB Garrett Flickinger 0-0: Called Strike
0-1: Ground out 6-3 (Groundball, 6, EV 105.6 MPH)
Bottom of the 6th over - 3 runs, 3 hits, 0 errors, 0 left on base; Myrtle Beach 2 - Harrisburg 15
TOP OF THE 7TH
Myrtle Beach Shorebirds batting - Pitching for Harrisburg Capitals : LHP Del Jones
Batting: RHB Trevor Tyus 0-0: Called Strike
0-1: Ball
1-1: Swinging Strike
1-2: Fly out, F4 (Popup, 4D, EV 59.4 MPH)
Batting: RHB Ted Walker 0-0: Ball
1-0: Ball
2-0: Called Strike
2-1: SOLO HOME RUN (Flyball, 7D, EV 109.4 MPH), Distance : 405 ft
Batting: RHB Brendon Slagle 0-0: Ball
1-0: Swinging Strike
1-1: SOLO HOME RUN (Flyball, 7D, EV 103.8 MPH), Distance : 408 ft
Pinch Hitting: RHB Braden Amick 0-0: Ball
1-0: Ball
2-0: Ball
3-0: Called Strike
3-1: Fly out, F7 (Flyball, 7S, EV 85.0 MPH)
Batting: SHB Evan Lind 0-0: Ball
1-0: Foul Ball, location: 2F
1-1: Ball
2-1: Ball
3-1: Base on Balls
Pitching: LHP Grant Walker
Batting: RHB Amani Hansen 0-0: SINGLE (Flyball, 5D, EV 96.2 MPH)
Evan Lind to second
Batting: RHB Casey Dodd 0-0: Swinging Strike
0-1: Ball
1-1: Ball
2-1: Ground out 6-3 (Groundball, 6D, EV 96.9 MPH)
Top of the 7th over - 2 runs, 3 hits, 0 errors, 2 left on base; Myrtle Beach 4 - Harrisburg 15
BOTTOM OF THE 7TH
Harrisburg Capitals batting - Pitching for Myrtle Beach Shorebirds : RHP Logan Dent
Now in RF: Braden Amick
Batting: RHB Eli Turner 0-0: Ball
1-0: Ball
2-0: Called Strike
2-1: Ground out 5-3 (Groundball, 56S, EV 81.2 MPH)
Pinch Hitting: RHB Jim Shelley 0-0: Called Strike
0-1: Foul Ball, location: 2F
0-2: Ball
1-2: Foul Ball, location: 2F
1-2: Foul Ball, location: 2F
1-2: Ball
2-2: Ball
3-2: Strikes out swinging
Batting: RHB Zack Jackson 0-0: Ball
1-0: Foul Ball, location: 2F
1-1: Ball
2-1: Foul Ball, location: 2F
2-2: Ball
3-2: Fly out, F4 (Line Drive, 4, EV 73.8 MPH)
Bottom of the 7th over - 0 runs, 0 hits, 0 errors, 0 left on base; Myrtle Beach 4 - Harrisburg 15
TOP OF THE 8TH
Myrtle Beach Shorebirds batting - Pitching for Harrisburg Capitals : LHP Grant Walker
Now at 3B: Jim Shelley
Batting: LHB Casey Courtney 0-0: Foul Ball, location: 2F
0-1: Ball
1-1: Called Strike
1-2: Ball
2-2: Ball
3-2: Strikes out swinging
Batting: RHB Joey Wilburn 0-0: Ball
1-0: Ball
2-0: Ball
3-0: Called Strike
3-1: Base on Balls
Batting: RHB Trevor Tyus 0-0: Called Strike
0-1: Swinging Strike
0-2: SINGLE (Flyball, 4D, EV 91.2 MPH)
Joey Wilburn to second
Batting: RHB Ted Walker 0-0: Foul Ball, location: 2F
0-1: Ball
1-1: DOUBLE (Flyball, 8LXD, EV 108.8 MPH)
Joey Wilburn scores
Trevor Tyus to third
Batting: RHB Brendon Slagle 0-0: Ball
1-0: Ball
2-0: Foul Ball, location: 2F
2-1: Fly out, F9 (Flyball, 9LM, EV 90.0 MPH)
Runner from 3rd tags up, OUT at HOME! 9-2
Top of the 8th over - 1 run, 2 hits, 0 errors, 1 left on base; Myrtle Beach 5 - Harrisburg 15
BOTTOM OF THE 8TH
Harrisburg Capitals batting - Pitching for Myrtle Beach Shorebirds : RHP Logan Dent
Batting: RHB Deric Sykora 0-0: Ball
1-0: Ball
2-0: Ground out U3 (Groundball, 3, EV 86.2 MPH)
Pinch Hitting: SHB Miles Brumfield 0-0: Ball
1-0: Ground out 6-3 (Groundball, 6, EV 83.8 MPH)
Batting: RHB Jonah Howard 0-0: Called Strike
0-1: Ball
1-1: Foul Ball, location: 2F
1-2: Foul Ball, location: 2F
1-2: Ball
2-2: Ball
3-2: Fly out, F9 (Flyball, 9LMF, EV 103.1 MPH)
Bottom of the 8th over - 0 runs, 0 hits, 0 errors, 0 left on base; Myrtle Beach 5 - Harrisburg 15
TOP OF THE 9TH
Myrtle Beach Shorebirds batting - Pitching for Harrisburg Capitals : LHP Grant Walker
Now at 1B: Tyler Johnson
Batting: RHB Braden Amick 0-0: Ball
1-0: SINGLE (Line Drive, 7S, EV 86.2 MPH)
Batting: SHB Evan Lind 0-0: Ground out 6-3 (Groundball, 6D, EV 97.5 MPH)
Braden Amick to second
Batting: RHB Amani Hansen 0-0: Ball
1-0: Ball
2-0: Foul Ball, location: 2F
2-1: Ball
3-1: Fly out, F8 (Flyball, 8LXD, EV 94.4 MPH)
Runner from 2nd tags up, SAFE at 3rd, no throw by CF
Batting: RHB Casey Dodd 0-0: Swinging Strike
0-1: Called Strike
0-2: Ball
1-2: Ball
2-2: Ball
3-2: Ground out 1-3 (Groundball, 15, EV 74.4 MPH)
Top of the 9th over - 0 runs, 1 hit, 0 errors, 1 left on base; Myrtle Beach 5 - Harrisburg 15
Monday, April 29th , 2024 - OOTP Baseball 23.10 Build 110